 Dungeon Crawl Stone Soup version 0.26.1-2-gb8aa6d0cf2 (webtiles) character file.

Game seed: 9200637867809217736

249 dohliylev the Chopper (level 5, -5/47 HPs)
             Began as a Minotaur Fighter on Mar 28, 2021.
             Slain by a gnoll
             ... wielding a +0 halberd
              (10 damage)
             ... on level 4 of the Dungeon.
             The game lasted 00:03:57 (2515 turns).

dohliylev the Chopper (Minotaur Fighter)            Turns: 2515, Time: 00:03:57

Health: -5/47      AC:  7    Str: 22    XL:     5   Next: 87%
Magic:  4/4        EV:  8    Int:  5    God:
Gold:   180        SH:  9    Dex:  9    Spells: 4/4 levels left

rFire    . . .     SeeInvis .   a - +0 war axe
rCold    . . .     Faith    .   c - +0 kite shield
rNeg     . . .     Spirit   .   b - +0 scale mail
rPois    .         Reflect  .   (helmet restricted)
rElec    .         Harm     .   (no cloak)
rCorr    .         Rampage  .   (no gloves)
Will     .....                  (no boots)
Stlth    ..........             (no amulet)
HPRegen  0.15/turn              (no ring)
MPRegen  0.09/turn              (no ring)

@: no status effects
A: retaliatory headbutt, horns 2
a: no special abilities


You were on level 4 of the Dungeon.
You visited 1 branch of the dungeon, and saw 4 of its levels.

You collected 180 gold pieces.

Inventory:

Hand Weapons
 a - a +0 war axe (weapon)
Armour
 b - a +0 scale mail (worn)
 c - a +0 kite shield (worn)
Jewellery
 i - a +6 ring of dexterity {unknown}
 j - a +6 ring of strength {unknown}
Scrolls
 e - 2 scrolls of identify {unknown}
 f - 2 scrolls of fog {unknown}
 h - a scroll of magic mapping {unknown}
 k - a scroll of amnesia {unknown}
 l - a scroll of enchant armour {unknown}
 m - a scroll of teleportation {unknown}
Potions
 d - a potion of might
 g - a potion of heal wounds {unknown}


   Skills:
 + Level 4.6 Fighting
 + Level 5.1 Axes
 + Level 4.8 Armour
 + Level 1.4 Dodging
 + Level 4.5 Shields


You had 4 spell levels left.
You didn't know any spells.
Your spell library was empty.

Dungeon Overview and Level Annotations

Branches:
Dungeon (4/15)             Temple (0/1) D:4

Altars:
Elyvilon
Gozag
Qazlal


Innate Abilities, Weirdness & Mutations

You reflexively headbutt those who attack you in melee.
You have a pair of horns on your head.


Message History

You closely miss the orc. You hit the dart slug.
You kill the dart slug!
You block the orc's attack.
The gnoll sergeant hits you but does no damage.
You block the orc's attack. You block the gnoll's attack.
You block the orc's attack.
The gnoll sergeant hits you from afar with a +0 spear!
* * * LOW HITPOINT WARNING * * *
An orc comes into view. It is wielding a +4 hand axe.
You slash the orc!
You kill the orc!
You hit the orc.
You kill the orc!
You block the gnoll's attack. The gnoll sergeant closely misses you.
The gnoll sergeant hits you from afar with a +0 spear!
* * * LOW HITPOINT WARNING * * *
Things that are here:
a +0 ring mail; a +0 flail; an orc corpse The gnoll hits you with a +0 halberd!
You die...

......#..
(.......#######
. ......#......
#.##...........
...............
... #<.......
#.. #.#.#.#...
#...#.g.# ...
.###..@..#..⌠..
#......)[g......
...........⌠.>.⌠
#...............
#.####.o..)..⌠..
# ...........
............
.............
....#.###.....


You could see a gnoll sergeant, a gnoll and an orc.

Vanquished Creatures
  Terence (D:2)
  2 gnolls (D:4)
  8 adders
  2 oozes
  An adder skeleton (D:3)
  3 worms (D:3)
  2 dart slugs
  3 leopard geckos (D:1)
  10 orcs
  8 bats
  13 giant cockroaches
  9 hobgoblins
  7 jackals
  A frilled lizard (D:2)
  8 goblins
  7 kobolds
  9 rats
94 creatures vanquished.

Notes
Turn   | Place    | Note
-------+----------+-------------------------------------------
     0 | D:1      | dohliylev the Minotaur Fighter began the quest for the Orb.
     0 | D:1      | Reached XP level 1. HP: 19/19 MP: 0/0
    85 | D:1      | Reached XP level 2. HP: 14/27 MP: 1/1
   511 | D:1      | Reached XP level 3. HP: 33/33 MP: 2/2
   518 | D:1      | You fall into a shaft and drop 1 floor!
   646 | D:2      | Found an opulent altar of Gozag.
   752 | D:1      | Reached skill level 3 in Axes
   987 | D:2      | Found a white marble altar of Elyvilon.
   993 | D:2      | Noticed Terence
  1005 | D:2      | Killed Terence
  1006 | D:2      | Reached XP level 4. HP: 23/40 MP: 3/3
  1521 | D:2      | Reached skill level 1 in Dodging
  1682 | D:3      | Reached skill level 4 in Axes
  1762 | D:3      | Reached XP level 5. HP: 47/47 MP: 4/4
  1803 | D:3      | Found a faded altar of an unknown god.
  2006 | D:3      | Found a stormy altar of Qazlal.
  2504 | D:4      | Found a staircase to the Ecumenical Temple.
  2512 | D:4      | Reached skill level 5 in Axes
  2515 | D:4      | Slain by a gnoll

Illustrated notes

Levels and vault maps discovered:
D:1:      scummos_arrival_gate, layout_basic
D:2:      minmay_roachtagon, layout_rooms, elyvilon_altar_1,
          serial_corexii_hall, chequers_hall_statues_y, corexii_hall_statues_s,
          chequers_hall_statues_wall_a, corexii_hall_statues_s,
          grunt_gozag_statues, uniq_terence
D:3:      layout_loops_ring, chequers_ecumenical_altar_simple,
          grunt_qazlal_clouds
D:4:      layout_basic, temple_fountains, serial_bayou, serial_bayou_crossing,
          serial_bayou_ford_a, serial_bayou_pond_e, serial_bayou_lagoon_a

Skill      XL: |  1  2  3  4  5 |
---------------+----------------+-----
Fighting       | 4 |  4.6
Armour         | 4 |  4.8
Shields        | 4 |  4.5
Axes           | 3 4 5 |  5.1
Dodging        | 1 |  1.4

Action                   |  1- 3 |  4- 6 || total
-------------------------+-------+-------++-------
Melee: War axe           |    84 |   102 ||   186
       Headbutt          |    14 |    12 ||    26
Armor: Scale mail        |    68 |    48 ||   116
Dodge: Dodged            |    37 |    53 ||    90
Block: Kite shield       |    49 |    70 ||   119
